 Dungeon Crawl Stone Soup version 0.19-a0-1907-gcff654f (webtiles) character file.

28256 Leszczynek the Bludgeoner (level 13, -4/210 HPs)
             Began as an Ogre Warper on Oct 21, 2016.
             Was a High Priest of the Shining One.
             Killed by divine providence
             ... invoked by a meliai
              (8 damage)
             ... on level 15 of the Dungeon.
             The game lasted 00:59:14 (9653 turns).

Leszczynek the Bludgeoner (Ogre Warper)             Turns: 9653, Time: 00:59:15

Health: -4/210     AC:  5    Str: 24    XL:     13   Next: 37%
Magic:  16/16      EV: 16    Int: 12    God:    the Shining One [*****.]
Gold:   251        SH:  8    Dex: 17    Spells: 4 memorised, 4 levels left

rFire  + . .     SeeInvis .     a - +3 giant spiked club
rCold  . . .     Gourm    .     i - +0 troll leather armour
rNeg   + + .     Faith    .     (shield currently unavailable)
rPois  +         Spirit   .     (helmet restricted)
rElec  .         Reflect  .     (no cloak)
rCorr  .         Harm     .     (gloves unavailable)
MR     +....                    (boots unavailable)
Stlth  ..........               n - amulet of rage
                                F - ring of poison resistance
                                q - ring of protection from fire

@: berserking, divine shield, glowing, very quick
A: unfitting armour, agile 2, tough skin 1, MP-powered wands
a: Divine Shield, Cleansing Flame, Summon Divine Warrior, Renounce Religion,
Evoke Berserk Rage


You were on level 15 of the Dungeon.
You worshipped the Shining One.
The Shining One was extremely pleased with you.
You were very hungry.

You visited 3 branches of the dungeon, and saw 18 of its levels.
You also visited: Ice Cave.

You collected 1204 gold pieces.
You spent 953 gold pieces at shops.

Inventory:

Hand Weapons
 a - a +3 giant spiked club (weapon)
Missiles
 e - 5 tomahawks of dispersal
 v - 13 large rocks (quivered)
 y - 7 javelins
 z - 32 tomahawks
 I - 2 throwing nets
Armour
 i - a +0 troll leather armour (worn)
Jewellery
 c - an uncursed ring of protection from fire
 n - an amulet of rage (around neck)
 q - a ring of protection from fire (left hand)
 E - an uncursed ring of protection from magic
 F - a ring of poison resistance (right hand)
Wands
 s - a wand of teleportation (5/9)
 u - a wand of slowing (6/48)
 G - a wand of paralysis (18/24)
 M - a wand of flame (6/48)
Scrolls
 h - 4 scrolls of remove curse
 o - a scroll of holy word {unknown}
 w - a scroll of blinking
 x - a scroll of fog
 A - 3 scrolls of teleportation
 L - a scroll of recharging
 O - 2 scrolls of magic mapping
 Q - a scroll of enchant armour
Potions
 f - 3 potions of brilliance
 g - a potion of cancellation
 j - 2 potions of resistance
 k - 2 potions of agility
 m - a potion of heal wounds
 p - a potion of curing
 r - a potion of haste
 t - 2 potions of berserk rage
 D - 2 potions of lignification
 J - a potion of cure mutation
 N - 2 potions of flight
Comestibles
 b - a chunk of flesh
 d - 6 bread rations
 l - 5 meat rations
 B - a beef jerky
 C - 7 slices of pizza


   Skills:
 - Level 12.0 Fighting
 - Level 17.0 Maces & Flails
 - Level 11.0 Throwing
 + Level 9.7 Dodging
 - Level 2.4 Spellcasting
 - Level 2.1 Translocations
 - Level 4.5 Invocations


You had 4 spell levels left.
You knew the following spells:

 Your Spells              Type           Power        Failure   Level  Hunger
a - Blink                 Tloc           N/A          21%         2    ###....
b - Lesser Beckoning      Tloc           #.........   38%         3    ####...
c - Portal Projectile     Tloc           #.....       38%         3    ####...
d - Passage of Golubria   Tloc           N/A          96%         4    #####..


Dungeon Overview and Level Annotations

Branches:
Dungeon (15/15)            Temple (1/1) D:4             Orc (2/2) D:11
    Elf (0/3) Orc:2
   Lair: D:8-11      Vaults: D:13-14     Depths: D:15

Altars:
Cheibriados
Dithmenos
Nemelex Xobeh
Ru
Uskayaw
Vehumet
The Shining One

Shops:
D:5 [   D:7 *   Orc:1 }   Orc:2 ??=

Annotations:
D:9 Erolcha
D:11 2+ skeletal warriors
D:12 Josephine
D:13 ugly thing(s), Vaults (maybe)


Innate Abilities, Weirdness & Mutations

You are too large for most types of armour.
You have tough skin. (AC +1)
You are very agile. (Dex +4)
You expend magic power (3 MP) to strengthen your wands.


Message History

The meliai closely misses you. The meliai misses you.
Unknown command.
You bludgeon the meliai!!
You kill the meliai!
The Shining One accepts your kill.
You feel better.
You feel your power returning. The meliai completely misses you.
You block the meliai's attack. The centaur warrior zombie hits you.
* * * LOW HITPOINT WARNING * * *
The meliai mumbles some strange prayers to its god against you.
Something smites you!
* * * LOW HITPOINT WARNING * * *
The meliai hits you with a war axe!
* * * LOW HITPOINT WARNING * * *
The meliai stings you.
* * * LOW HITPOINT WARNING * * *
You barely miss the meliai.
The meliai mumbles some strange prayers to its god against you.
Something smites you!
You die...

########.#########
..................
########.######### # #
....#.# ####.
#.#.#########.##.#####....
..........................
#............#.###.#.##.
#.....y......<..#..#.##.
#.....y@........#....##.
#.....Z).............##.
#$#.#####.##......<..##.
..... #.##....####.##.
.##... #.##........(##)
.... ...........(..).(
##.y ...#############)
....# #. ....# #.


You could see 2 meliai and a centaur warrior zombie.

Vanquished Creatures
  A stone giant (Orc:2)
  A hydra (D:12)
  A centaur warrior (D:15)
  3 orc high priests (Orc:2)
  A skeletal warrior (D:12)
  An unseen horror (D:11)
  3 hill giants
  A deep elf archer (Orc:2)
  5 orc knights
  4 orc sorcerers (Orc:2)
  An ugly thing (D:11)
  2 cyclopes
  A gargoyle (D:11)
  3 kobold demonologists (D:15)
  A jumping spider (shapeshifter) (D:11)
  A meliai (D:15)
  3 trolls
  Grinder (D:3)
  A hornet (D:9)
  A two-headed ogre (Orc:1)
  3 slime creatures (D:12)
  Sigmund (D:3)
  Eustachio (D:4)
  A wyvern (D:8)
  4 wraiths
  11 yaks
  3 hogs (D:7)
  A human (D:7)
  A basilisk (D:14)
  3 hungry ghosts
  2 wargs
  3 ice beasts
  18 orc warriors
  A black bear (D:8)
  4 phantoms
  5 ogres
  3 centaurs
  2 big kobolds (D:15)
  8 bullfrogs
  A wyvern zombie (D:13)
  A wyvern skeleton (D:7)
  2 scorpions
  A water moccasin skeleton (D:5)
  7 wights
  2 howler monkeys (D:11)
  5 crimson imps
  2 bullfrog zombies
  3 hounds
  3 jellies
  16 orc wizards
  17 orc priests
  2 centaur skeletons
  Ijyb (D:2)
  2 iguanas
  6 worker ants
  A killer bee zombie (D:7)
  6 ogre zombies (D:11)
  A hound zombie (D:5)
  Robin (D:4)
  10 adders
  2 shadow imps
  2 oozes
  An adder zombie (D:7)
  2 worms
  3 dart slugs
  4 leopard geckos
  67 orcs
  A giant cockroach (D:2)
  9 goblins
  3 hobgoblins
  3 jackals
  12 kobolds
  4 quokkas
  2 bats (D:2)
  4 frilled lizards
  2 goblin zombies (D:11)
  3 hobgoblin zombies (D:11)
  3 orc skeletons (D:11)
  10 orc zombies (D:11)
  6 rats
344 creatures vanquished.

Notes
Turn   | Place    | Note
-------+----------+-------------------------------------------
     0 | D:1      | Leszczynek the Ogre Warper began the quest for the Orb.
     0 | D:1      | Reached XP level 1. HP: 22/22 MP: 3/3
   131 | D:1      | Reached skill level 3 in Maces & Flails
   165 | D:1      | Reached XP level 2. HP: 21/29 MP: 5/5
   420 | D:3      | Reached skill level 4 in Maces & Flails
   495 | D:3      | Noticed Sigmund
   694 | D:3      | Noticed Grinder
   885 | D:2      | Reached XP level 3. HP: 27/36 MP: 6/6
  1037 | D:2      | Reached skill level 5 in Maces & Flails
  1140 | D:2      | Reached XP level 4. HP: 34/44 MP: 7/7
  1350 | D:2      | Reached skill level 6 in Maces & Flails
  1409 | D:3      | Killed Sigmund
  1409 | D:3      | Reached skill level 8 in Maces & Flails
  1409 | D:3      | Reached XP level 5. HP: 50/50 MP: 8/8
  1409 | D:3      | Reached XP level 6. HP: 59/59 MP: 9/9
  1447 | D:2      | Noticed Ijyb
  1468 | D:2      | Killed Ijyb
  1493 | D:2      | Learned a level 2 spell: Blink
  1497 | D:2      | Learned a level 3 spell: Lesser Beckoning
  1509 | D:2      | Learned a level 4 spell: Passage of Golubria
  1606 | D:3      | Killed Grinder
  1606 | D:3      | Reached skill level 9 in Maces & Flails
  1606 | D:3      | Reached XP level 7. HP: 33/66 MP: 10/10
  1747 | D:5      | Entered Level 5 of the Dungeon
  1920 | D:5      | Reached skill level 10 in Maces & Flails
  2028 | D:5      | Reached skill level 3 in Fighting
  2183 | D:5      | Found Ymeha's Armour Shoppe.
  2280 | D:5      | Reached skill level 4 in Fighting
  2329 | D:5      | Reached skill level 5 in Fighting
  2329 | D:5      | Reached XP level 8. HP: 80/80 MP: 11/11
  2366 | D:5      | Reached skill level 3 in Dodging
  2610 | D:7      | Reached skill level 6 in Fighting
  2615 | D:7      | Reached skill level 11 in Maces & Flails
  2765 | D:7      | Reached skill level 4 in Dodging
  2771 | D:7      | i LOVE the "find the temple" minigame
  2789 | D:7      | Noticed a yak
  2798 | D:7      | Reached skill level 7 in Fighting
  2798 | D:7      | Reached XP level 9. HP: 93/93 MP: 12/12
  2801 | D:7      | Reached skill level 12 in Maces & Flails
  2905 | D:7      | Reached skill level 5 in Dodging
  2987 | D:8      | Reached skill level 8 in Fighting
  3077 | D:7      | Reached skill level 11 in Throwing
  3077 | D:7      | Reached XP level 10. HP: 60/104 MP: 13/13
  3394 | D:7      | Found Homoycug's Assorted Antiques.
  3488 | D:5      | look at all these altars i found
  3515 | D:5      | Reached skill level 13 in Maces & Flails
  3683 | D:4      | Noticed Eustachio
  3706 | D:4      | "50"%
  3719 | D:4      | Killed Eustachio
  3883 | D:4      | Noticed Robin
  3897 | D:4      | Killed Robin
  4067 | D:4      | Found a staircase to the Ecumenical Temple.
  4076 | D:4      | fucking finally
  4077 | Temple   | Entered the Ecumenical Temple
  4093 | Temple   | Became a worshipper of the Shining One
  4149 | D:4      | Identified a scroll of acquirement
  4372 | D:10     | Entered Level 10 of the Dungeon
  4554 | D:10     | Reached XP level 11. HP: 41/113 MP: 14/14
  4846 | D:7      | Bought a fine cloak for 285 gold pieces
  4851 | D:7      | Identified the -6 cloak "Xetimm" {Int+3} (You bought it in a shop on level 7 of the Dungeon)
  4851 | D:7      | wow
  4926 | D:8      | Found a sparkling altar of Nemelex Xobeh.
  5291 | D:9      | Noticed Erolcha
  5357 | D:9      | Reached skill level 14 in Maces & Flails
  5659 | D:10     | Reached * piety under the Shining One
  5699 | D:10     | Noticed a hill giant
  5705 | D:10     | Killed a hill giant
  5896 | D:12     | Noticed Josephine
  5990 | D:11     | Reached ** piety under the Shining One
  5995 | D:11     | best orc entrance for TSO worshipper
  5997 | D:11     | Noticed a hill giant
  6008 | D:11     | Killed a hill giant
  6008 | D:11     | Reached skill level 15 in Maces & Flails
  6031 | D:11     | Reached *** piety under the Shining One
  6058 | D:11     | Found a staircase to the Orcish Mines.
  6132 | D:11     | Noticed a white ugly thing
  6140 | D:11     | HP: 14/169 [white ugly thing (35)]
  6141 | D:11     | The Shining One protects you from harm!
  6143 | D:11     | Killed a white ugly thing
  6143 | D:11     | Reached skill level 2 in Invocations
  6146 | D:11     | HP: 4/169 [ogre zombie (8)]
  6151 | D:11     | i should have died there twice
  6290 | D:11     | Noticed a cyclops
  6313 | D:11     | Killed a cyclops
  6313 | D:11     | Reached skill level 3 in Invocations
  6318 | D:11     | best 3 turn berserk
  6377 | D:11     | Noticed an unseen horror
  6380 | D:11     | Killed an unseen horror
  6380 | D:11     | Reached skill level 4 in Invocations
  6520 | D:11     | Reached **** piety under the Shining One
  6580 | D:11     | Noticed a skeletal warrior
  6785 | D:11     | of course it will be always a shield
  6785 | D:11     | always
  6785 | D:11     | no exceptions
  6797 | Orc:1    | Entered Level 1 of the Orcish Mines
  6932 | Orc:1    | Reached skill level 9 in Fighting
  6957 | Orc:1    | Found Diywn's Quality Used Wands.
  7062 | Orc:1    | Found a frozen archway.
  7122 | IceCv    | Entered an ice cave
  7122 | IceCv    | Noticed a white ugly thing
  7127 | Orc:1    | nope
  7132 | Orc:2    | Entered Level 2 of the Orcish Mines
  7138 | Orc:2    | Noticed an orc knight
  7139 | Orc:2    | wew lad
  7201 | Orc:2    | Reached XP level 12. HP: 95/123 MP: 15/15
  7245 | Orc:2    | Reached skill level 16 in Maces & Flails
  7245 | Orc:2    | Reached skill level 6 in Dodging
  7502 | Orc:2    | Found a staircase to the Elven Halls.
  7568 | Orc:2    | Noticed a stone giant
  7569 | Orc:2    | fug
  7569 | Orc:2    | maybe i should come back later
  7763 | Orc:2    | HP: 9/124 [stone giant (27)]
  7764 | Orc:2    | Killed a stone giant
  7765 | Orc:2    | nice 4 turn berserk, love it when it happens
  7765 | Orc:2    | at least i didn't get paralyzed
  7965 | Orc:2    | Noticed an orc high priest
  7983 | Orc:2    | Noticed an orc high priest
  7984 | Orc:2    | Killed an orc high priest
  8098 | Orc:1    | Reached skill level 10 in Fighting
  8140 | Orc:2    | Killed an orc high priest
  8278 | Orc:2    | Reached skill level 17 in Maces & Flails
  8299 | Orc:2    | Reached skill level 7 in Dodging
  8311 | Orc:2    | Noticed an orc high priest
  8320 | Orc:2    | Killed an orc high priest
  8376 | Orc:2    | Noticed a sun demon
  8413 | Orc:2    | this is needlessly exciting, and in a wrong way too
  8476 | Orc:2    | Reached skill level 11 in Fighting
  8584 | Orc:2    | Found Oneesakh's Armour Emporium.
  8587 | Orc:2    | Found Ihicuus's Jewellery Boutique.
  8592 | Orc:2    | Found Intab's Magic Scroll Boutique.
  8594 | Orc:2    | Found Woasaaj's Magic Scroll Emporium.
  8604 | Orc:2    | oh, that's it? cool
  8621 | Orc:2    | Bought an uncursed ring of protection from magic for 250 gold pieces
  8629 | Orc:2    | Bought a scroll of identify for 28 gold pieces
  8629 | Orc:2    | Bought a scroll of identify for 28 gold pieces
  8629 | Orc:2    | Bought a scroll of identify for 28 gold pieces
  8629 | Orc:2    | Bought a scroll of identify for 28 gold pieces
  8629 | Orc:2    | Bought a scroll of identify for 28 gold pieces
  8629 | Orc:2    | Bought a scroll of identify for 28 gold pieces
  8636 | Orc:2    | Gained mutation: You are agile. (Dex +2) [potion of mutation]
  8636 | Orc:2    | Gained mutation: You expend magic power (3 MP) to strengthen your wands. [potion of mutation]
  8636 | Orc:2    | Gained mutation: You are very agile. (Dex +4) [potion of mutation]
  8637 | Orc:2    | this is not very good
  8637 | Orc:2    | but w/e
  8642 | Orc:2    | Bought a scroll of identify for 30 gold pieces
  8642 | Orc:2    | Bought a scroll of teleportation for 45 gold pieces
  8645 | Orc:2    | Bought a scroll of fog for 28 gold pieces
  8645 | Orc:2    | Bought a scroll of enchant weapon for 105 gold pieces
  8645 | Orc:2    | Bought a scroll of teleportation for 42 gold pieces
  8650 | Orc:2    | Learned a level 3 spell: Portal Projectile
  8800 | D:12     | Reached skill level 8 in Dodging
  8815 | D:12     | Noticed a six-headed hydra
  8819 | D:12     | Killed a six-headed hydra
  8819 | D:12     | Reached XP level 13. HP: 132/139 MP: 16/16
  9036 | D:12     | Reached skill level 12 in Fighting
  9299 | D:13     | Reached skill level 9 in Dodging
  9335 | D:13     | Reached ***** piety under the Shining One
  9515 | D:15     | Entered Level 15 of the Dungeon
  9652 | D:15     | HP: 10/210 [meliai/war axe (13)]
  9652 | D:15     | HP: 4/210 [meliai/war axe (6)]
  9653 | D:15     | Killed from afar by a meliai

Vault maps used:
D:1:      minmay_arrival_hallway
D:2:      first_bread, minmay_pentomino_o2, uniq_iyjb
D:3:      portal_sewer_entry_f, uniq_grinder, uniq_sigmund, uniq_natasha
D:4:      uniq_eustachio, uniq_robin
D:5:      serial_shops, kennysheep_mini, corexii_item_surrounded_by_moat,
          kennysheep_nondescript
D:6:      serial_shops, shop, sigmund_army
D:7:      serial_shops, shop, grunt_livestock, corexii_corridor_pit
D:8:      lair_0_dummy, eino_tiny_chamber, nemelex_altar_shiori
D:9:      minivault_28, uniq_erolcha
D:11:     zombieorc1_lemuel
D:12:     minmay_misc_feat_columns, uniq_josephine, uniq_sonja
D:13:     lightli_vaults_fourway_checkpoint, minmay_misc_feat_diagonals
D:14:     infiniplex_staircase_pillars_2, uniq_frances
D:15:     gammafunk_enter_depths_forms, serial_park_paths, serial_shops,
          nicolae_shop_overgrown_old_shop, serial_bayou_pond_b, minivault_16
Temple:   regret_index_temple_sigil_plot
Orc:1:    portal_ice_cave_entry_pillars_1, nicolae_for_you_no_charge
Orc:2:    st_orc_elflike
IceCv:    ice_cave_statue_garden_teleport

Skill      XL: |  1  2  3  4  5  6  7  8  9 10 11 12 13 |
---------------+----------------------------------------+-----
Maces & Flails | 3 4 5 8 9 10 11 12 13 15 17 | 17.0
Fighting       | 5 7 8 9 11 12 | 12.0
Dodging        | 4 5 8 9 |  9.7
Throwing       | 11 | 11.0
Invocations    | 4 |  4.5
Spellcasting   | |  2.4
Translocations | |  2.1

Action                   |  1- 3 |  4- 6 |  7- 9 | 10-12 | 13-15 || total
-------------------------+-------+-------+-------+-------+-------++-------
Melee: Mace              |   115 |    60 |    13 |       |       ||   188
       Flail             |       |       |    61 |       |       ||    61
       Giant club        |       |       |   110 |   322 |       ||   432
       Giant spiked club |       |       |       |   241 |   105 ||   346
Invok: Divine Shield     |       |       |       |     4 |     2 ||     6
 Abil: Evoke Berserk Rag |     3 |     3 |     6 |    20 |     1 ||    33
  Use: Scroll            |     4 |     1 |     2 |    27 |     1 ||    35
       Potion            |       |       |     1 |     3 |       ||     4
 Stab: Sleeping          |       |       |     1 |       |       ||     1
  Eat: Chunk             |     4 |     4 |     9 |    32 |     3 ||    52
       Fruit             |     1 |       |     2 |     5 |       ||     8
       Pizza             |       |       |       |     2 |       ||     2
       Beef jerky        |       |       |       |     3 |       ||     3
       Royal jelly       |       |       |       |     1 |       ||     1
Armor: Robe              |    39 |    10 |    30 |    60 |       ||   139
       Skin              |       |       |       |    24 |       ||    24
       Troll leather arm |       |       |       |    31 |    13 ||    44
Dodge: Dodged            |    65 |    18 |    77 |   317 |    60 ||   537
Block: Other             |       |       |       |     6 |    12 ||    18
